Map: Vaani Research Station (Void)

Players

Cham

  • Race: Zerg Zerg
  • Spawn Location: 6:00

ShoWTimE - Winner!

  • Race: Protoss Protoss
  • Spawn Location: 12:00

Event: WESG 2016 Finals

VOD

Have the link to the VOD?

Description

Time

  • Played on: Jan. 13, 2017, 2:16 a.m.
  • Length: 9:46

All games in this series

Show
View Real Time Build Order
Export as new Build Order

Cham Zerg 

Build Orders: Hatch First 

Get SALT Encoding   

  12  0:00  Drone  
  13  0:08  Drone  
  14  0:17  Overlord  
  14  0:35  Drone x3  
  17  0:51  Hatchery  
  17  0:55  Drone  
  17  0:58  Drone  
  18  1:09  Extractor  
  17  1:13  Spawning Pool  
  17  1:17  Drone  
  17  1:22  Drone  
  18  1:29  Drone  
  19  1:39  Drone  
  20  1:54  Hatchery  
  20  1:59  Drone  
  20  2:00  Queen  
  22  2:04  Drone  
  24  2:08  Drone  
  24  2:14  Overlord  
  24  2:25  Drone x2  
  24  2:28  Queen  
  28  2:36  Queen  
  28  2:40  Zergling x4  
  28  2:43  Zergling x2  
  33  2:50  Overlord  
  33  2:51  Drone  
  33  2:54  Metabolic Boost  
  34  2:58  Overlord  
  34  3:00  Drone  
  35  3:11  Drone  
  35  3:12  Drone x3  
  39  3:13  Drone  
  39  3:16  Overlord  
  40  3:29  Drone x2  
  40  3:32  Drone  
  40  3:33  Drone x3  
  46  3:35  Spore Crawler  
  46  3:39  Spore Crawler  
  44  3:42  Drone  
  44  3:44  Drone x2  
  44  3:45  Drone x2  
  49  3:49  Spore Crawler  
  49  3:54  Roach Warren  
  47  3:57  Drone  
  47  4:00  Drone x2  
  51  4:02  Drone  
  51  4:03  Drone  
  51  4:06  Drone  
  53  4:14  Queen  
  54  4:17  Drone  
  54  4:19  Drone x3  
  54  4:21  Drone  
  54  4:22  Drone  
  54  4:23  Extractor  
  59  4:25  Drone x3  
  59  4:30  Overlord  
  62  4:32  Drone  
  62  4:33  Drone  
  62  4:36  Lair  
  64  4:39  Zergling x4  
  64  4:42  Overlord  
  66  4:47  Extractor  
  66  4:48  Evolution Chamber, Overlord  
  66  4:51  Drone x2  
  64  4:59  Spore Crawler  
  61  5:02  Drone x4  
  61  5:03  Drone x3  
  61  5:05  Drone x2  
  70  5:07  Overlord  
  70  5:08  Extractor  
  70  5:09  Drone x2, Extractor  
  70  5:13  Drone  
  71  5:19  Drone  
  71  5:20  Drone  
  73  5:23  Drone  
  73  5:24  Hatchery  
  73  5:26  Drone x4  
  77  5:31  Extractor  
  77  5:34  Overlord  
  76  5:36  Zergling x8  
  76  5:37  Zergling x4  
  76  5:40  Zergling x2  
  83  5:45  Overlord  
  83  5:47  Zergling x2  
  83  5:48  Zergling x2  
  84  5:56  Zergling x4  
  84  5:57  Zergling x2  
  84  6:01  Drone x5  
  84  6:02  Drone x2  
  86  6:06  Overlord  
  86  6:09  Zerg Melee Weapons Level 1  
  86  6:11  Overlord  
  86  6:13  Zergling x4  
  86  6:16  Overlord  
  88  6:21  Spire  
  88  6:23  Zergling x4  
  89  6:29  Drone  
  89  6:30  Baneling Nest  
  87  6:35  Hydralisk Den  
  86  6:40  Overlord  
  86  6:42  Zergling x14  
  86  6:43  Zergling x8  
  97  6:50  Zergling x4  
  91  6:57  Overlord  
  91  6:59  Overlord  
  91  7:00  Overlord  
  91  7:06  Zergling x4  
  91  7:08  Overlord  
  93  7:12  Zergling x4  
  93  7:16  Overlord, Zergling x2  
  93  7:20  Overlord  
  93  7:21  Zergling x12  
  90  7:32  Mutalisk x6  
  90  7:33  Mutalisk  
  90  7:34  Mutalisk x2  
  90  7:35  Mutalisk  
  109  7:37  Mutalisk x2  
  109  7:38  Mutalisk x2  
  109  7:41  Zergling x2  
  109  7:43  Zergling x2  
  117  7:47  Mutalisk  
  109  7:53  Mutalisk  
  109  7:54  Zergling x6  
  109  7:57  Zergling x2  
  102  8:02  Mutalisk  
  96  8:05  Zergling x4  
  96  8:06  Zergling x2  
  82  8:15  Mutalisk  
  82  8:16  Zergling x14  
  78  8:26  Zergling x2  
  78  8:27  Zergling x4  
  75  8:35  Drone  
  75  8:38  Drone  
  75  8:39  Drone  
  77  8:47  Queen  
  79  8:49  Drone x3  
  79  8:50  Queen  
  79  8:53  Queen  
  86  8:57  Drone  
  86  9:02  Hydralisk x3  
  93  9:10  Hydralisk x2  
  96  9:18  Hydralisk x3  
  96  9:20  Hydralisk  
Show
View Real Time Build Order
Export as new Build Order

ShoWTimE Protoss - Winner!

Build Orders: 1 Gate Expand, Oracle Opening, Zealot Archon 

Get SALT Encoding   

  12  0:01  Probe (Chrono Boost)  
  13  0:11  Probe (Chrono Boost)  
  14  0:18  Pylon  
  14  0:22  Probe (Chrono Boost)  
  15  0:36  Probe (Chrono Boost)  
  15  0:38  Gateway  
  16  0:45  Assimilator  
  16  0:47  Probe (Chrono Boost)  
  17  0:58  Probe (Chrono Boost)  
  18  1:08  Probe (Chrono Boost)  
  19  1:22  Nexus  
  19  1:26  Probe (Chrono Boost)  
  20  1:35  Cybernetics Core  
  20  1:38  Probe (Chrono Boost)  
  21  1:43  Assimilator  
  21  1:49  Probe (Chrono Boost)  
  22  1:54  Pylon  
  22  2:00  Probe (Chrono Boost)  
  23  2:09  Adept  
  23  2:12  Warp Gate  
  23  2:14  Probe (Chrono Boost)  
  26  2:26  Probe (Chrono Boost)  
  27  2:32  Stargate  
  27  2:34  Probe (Chrono Boost), Adept  
  29  2:38  Probe (Chrono Boost)  
  31  2:45  Probe (Chrono Boost)  
  31  2:51  Probe (Chrono Boost)  
  33  2:55  Probe (Chrono Boost)  
  34  3:00  Adept  
  34  3:02  Pylon  
  34  3:03  Probe (Chrono Boost)  
  37  3:06  Probe (Chrono Boost)  
  37  3:11  Oracle  
  38  3:15  Probe (Chrono Boost)  
  43  3:21  Probe (Chrono Boost)  
  43  3:26  Probe (Chrono Boost)  
  44  3:33  Probe (Chrono Boost)  
  45  3:35  Nexus  
  45  3:38  Probe (Chrono Boost)  
  46  3:42  Oracle  
  46  3:44  Pylon  
  46  3:45  Probe (Chrono Boost)  
  50  3:55  Mothership Core (Chrono Boost)  
  52  3:58  Probe (Chrono Boost)  
  52  4:00  Gateway  
  53  4:04  Gateway  
  54  4:11  Probe (Chrono Boost)  
  54  4:13  Probe (Chrono Boost)  
  54  4:14  Pylon  
  55  4:20  Assimilator  
  55  4:21  Void Ray  
  55  4:23  Probe x2 (Chrono Boost)  
  57  4:25  Assimilator  
  61  4:34  Probe (Chrono Boost)  
  61  4:35  Probe (Chrono Boost)  
  61  4:36  Forge  
  63  4:44  Probe (Chrono Boost)  
  64  4:46  Pylon  
  64  4:47  Probe (Chrono Boost)  
  64  4:48  Probe (Chrono Boost)  
  66  4:55  Probe (Chrono Boost)  
  66  4:56  Protoss Ground Weapons Level 1  
  66  4:58  Probe (Chrono Boost)  
  69  5:00  Probe (Chrono Boost), Sentry  
  69  5:06  Probe (Chrono Boost)  
  72  5:08  Probe (Chrono Boost)  
  72  5:09  Adept  
  72  5:12  Probe (Chrono Boost), Robotics Facility  
  76  5:16  Pylon  
  76  5:18  Probe (Chrono Boost)  
  76  5:19  Probe (Chrono Boost), Twilight Council  
  78  5:24  Probe (Chrono Boost)  
  78  5:27  Assimilator  
  79  5:29  Probe (Chrono Boost)  
  79  5:30  Probe (Chrono Boost)  
  79  5:32  Assimilator  
  82  5:36  Probe (Chrono Boost)  
  82  5:38  Pylon  
  82  5:40  Probe (Chrono Boost)  
  84  5:43  Probe (Chrono Boost), Sentry  
  84  5:44  Sentry  
  84  5:48  Probe (Chrono Boost)  
  87  5:50  Probe (Chrono Boost)  
  87  5:53  Charge  
  87  5:55  Probe (Chrono Boost)  
  87  6:00  Probe (Chrono Boost)  
  87  6:02  Probe (Chrono Boost), Observer  
  87  6:07  Probe (Chrono Boost)  
  87  6:12  Gateway  
  87  6:13  Gateway  
  87  6:16  Gateway x2  
  87  6:18  Warp Prism, Templar Archives, Gateway  
  87  6:22  Zealot x2  
  87  6:23  Zealot  
  95  6:35  Pylon  
  95  6:43  Gateway  
  95  6:45  Gateway  
  95  6:49  Pylon  
  95  6:51  Zealot x3  
  97  6:54  Nexus  
  97  6:55  Pylon  
  97  7:02  Immortal  
  101  7:12  Zealot  
  101  7:13  Zealot x4  
  111  7:19  Photon Cannon  
  111  7:22  Pylon  
  111  7:24  Photon Cannon  
  111  7:26  Protoss Shields Level 1  
  111  7:27  Assimilator  
  111  7:31  Assimilator  
  111  7:38  Zealot, High Templar x2  
  111  7:39  Warp Prism, Zealot x4  
  111  7:40  Zealot  
  111  7:43  Archon  
  129  7:48  Probe x2 (Chrono Boost)  
  129  7:49  Probe (Chrono Boost)  
  128  8:00  Probe x2 (Chrono Boost), High Templar x3  
  128  8:01  Zealot, High Templar  
  128  8:04  Archon x2  
  140  8:06  Zealot  
  140  8:07  Zealot x2  
  140  8:10  Probe (Chrono Boost)  
  140  8:12  Probe (Chrono Boost), Phoenix  
  147  8:13  Probe (Chrono Boost)  
  147  8:15  Probe (Chrono Boost)  
  142  8:24  High Templar x2  
  142  8:30  Archon  
  142  8:32  High Templar x3  
  142  8:33  High Templar  
  140  8:36  Photon Cannon  
  140  8:37  Phoenix  
  140  8:38  Photon Cannon, Pylon  
  140  8:39  Archon  
  140  8:40  Archon  
  132  8:42  Photon Cannon  
  132  8:43  High Templar  
  132  8:44  Pylon, Zealot x2, High Templar  
  132  8:48  Pylon  
  140  8:50  Archon  
  140  8:51  Photon Cannon  
  140  8:53  Photon Cannon  
  142  9:07  Zealot x4  
  142  9:08  Stalker x2  
  138  9:27  Stalker x2  
  138  9:28  Stalker  
  142  9:42  Pylon, Stalker x2  
Tags
 
Add a new tag
Caveats
  • Supply blocks, unpowered buildings, or Contaminate may cause inaccurate times.
  • Supply counts are checked every 10 seconds.